 Dungeon Crawl Stone Soup version 0.30-a0-137-gd8773701ce (webtiles) character file.

Game seed: 12113591732485123544

15 Julmuri the Poker (level 2, 0/23 HPs)
             Began as a Merfolk Gladiator on Sept 23, 2022.
             Slain by a gnoll
             ... wielding a +1 halberd of protection
              (10 damage)
             ... on level 2 of the Dungeon.
             The game lasted 00:04:40 (1241 turns).

Julmuri the Poker (Merfolk Gladiator)               Turns: 1241, Time: 00:04:41

Health: 0/23       AC:  8    Str: 14    XL:     2   Next: 50%
Magic:  2/2        EV: 10    Int:  7    God:
Gold:   59         SH:  0    Dex: 15    Spells: 1/1 levels left

rFire   . . .      SeeInvis .    a - +0 trident
rCold   . . .      Faith    .    (no shield)
rNeg    . . .      Spirit   .    g - +0 scale mail
rPois   .          Reflect  .    c - +0 helmet
rElec   .          Harm     .    f - +0 cloak
rCorr   .          Rampage  .    (no gloves)
Will    .....                    (no boots)
Stlth   ..........               (no amulet)
HPRegen 0.07/turn                (no ring)
MPRegen 0.08/turn                (no ring)

@: no status effects
A: (nimble swimmer 2), mertail
a: no special abilities


You were on level 2 of the Dungeon.
You visited 1 branch of the dungeon, and saw 2 of its levels.

You collected 59 gold pieces.

Inventory:

Hand Weapons
 a - a +0 trident (weapon)
Missiles
 d - 2 throwing nets (quivered)
 e - a javelin
Armour
 b - a +0 leather armour
 c - a +0 helmet (worn)
 f - a +0 cloak (worn)
 g - a +0 scale mail (worn)
Scrolls
 h - 2 scrolls of identify {unknown}
 j - 3 scrolls of brand weapon {unknown}
 k - a scroll of torment {unknown}
 l - a scroll of teleportation {unknown}
Potions
 i - a potion of might
 m - a potion of degeneration {unknown}
 n - a potion of brilliance {unknown}


   Skills:
 + Level 2.4 Fighting
 + Level 4.5 Polearms
 + Level 2.0 Throwing
 + Level 0.1 Armour
 + Level 4.2 Dodging


You had one spell level left.
You didn't know any spells.
Your spell library was empty.

Dungeon Overview and Level Annotations

Branches:
Dungeon (2/15)

Altars:


Innate Abilities, Weirdness & Mutations

((You are very nimble when in or above water. (Stealth+, EV+, Speed+++)))
Your lower body shifts to a powerful aquatic tail in water.


Message History

Found an escape hatch in the ceiling.
Found 14 gold pieces.
You now have 59 gold pieces (gained 14).
A goblin comes into view. It is wielding a +0 club.
The goblin shouts!
You closely miss the goblin. The goblin hits you but does no damage.
You hit the goblin.
You kill the goblin!
n - a cyan potion You see here a +0 club.
A bat comes into view.
The bat hits you but does no damage.
You puncture the bat!
You kill the bat!
You see here a bat corpse.
A rat comes into view.
You barely miss the rat. The rat bites you but does no damage.
You hit the rat but do no damage. The rat barely misses you.
You closely miss the rat. The rat bites you but does no damage.
You barely miss the rat. The rat bites you but does no damage.
You hit the rat.
The rat is heavily wounded.
The rat barely misses you.
You hit the rat but do no damage. The rat closely misses you.
You closely miss the rat. The rat bites you but does no damage.
You completely miss the rat. The rat bites you but does no damage.
You hit the rat.
You kill the rat!
You open the door.
A gnoll comes into view. It is wielding a +0 club.
The gnoll shouts!
You hear a shout!
A gnoll comes into view.
It is wielding a +1 halberd of protection.
A jackal comes into view.
Found 3 gold pieces.
Found a spear.
You barely miss the gnoll. The gnoll hits you with a +0 club!
An endoplasm comes into view.
The gnoll hits you with a +0 club.
The gnoll hits you from afar with a +1 halberd of protection!
You die...

....#..#......# .###.#
<......#.####.# .....
.......#.####.###...#.#
##........†...........
.#.#####.####..#..##+##
....# #.# #....## ..
.##.# #......##.# .#
.##.# ######.##.#.#)#
.##.# #.##@gh.# .##.#
#....#g#$# .##.#
###..#..# ....# ##.#
.J. ##### #.. #+## ##.
#


You could see 2 gnolls, an endoplasm and a jackal.

Vanquished Creatures
  2 endoplasms
  2 goblins
  A hobgoblin (D:1)
  A bat (D:2)
  3 frilled lizards
  4 kobolds
  3 rats
16 creatures vanquished.

Vanquished Creatures (others)
  5 fungi (D:2)
  5 plants (D:2)
10 creatures vanquished.

Grand Total: 26 creatures vanquished

Notes
Turn   | Place    | Note
-------+----------+-------------------------------------------
     0 | D:1      | Julmuri the Merfolk Gladiator began the quest for the Orb.
     0 | D:1      | Reached XP level 1. HP: 16/16 MP: 1/1
   698 | D:1      | Reached XP level 2. HP: 22/22 MP: 2/2
  1241 | D:2      | Slain by a gnoll

Illustrated notes

Levels and vault maps discovered:
D:1:      sevenhm_arrival_forest_fort_small_4, layout_basic, minivault_26
D:2:      layout_loops_cross, dreamdust_ecumenical_altar_grove,
          minmay_box_of_dots

Action                   || total
-------------------------++-------
Melee: Trident           ||    66
       Punch             ||     1
Throw: Throwing net      ||     4
  Use: Potion            ||     2
 Stab: Held in net/web   ||     1
       Sleeping          ||     1
Armor: Scale mail        ||    20
       Leather armour    ||     4
Dodge: Dodged            ||    32

Table legend: (Time is in decaauts)
 A = Elapsed time spent in this place.
 B = Non-inter-level travel time spent in this place.
 C = Inter-level travel time spent in this place.
 D = Time resting spent in this place.
 E = Time spent auto-exploring this place.
 F = Levels seen in this place.
 G = Mean time per level.
                   A        B        C        D        E       F      G
               +--------+--------+--------+--------+--------+-----+--------+
         Total |   1239 |   1239 |      0 |      0 |    920 |   2 |  619.5 |
       Dungeon |   1239 |   1239 |      0 |      0 |    920 |   2 |  619.5 |
               +--------+--------+--------+--------+--------+-----+--------+

Top non-repeatable levels by time:
     D:1: 1012 daAuts
     D:2: 226 daAuts
